 Dungeon Crawl Stone Soup version 0.16.1 (webtiles) character file.

3397 Fiveotanaka the Basher (level 10, 0/88 HPs)
             Began as an Ogre Hunter on Mar 24, 2015.
             Was an Initiate of Ru.
             Slain by a killer bee (4 damage)
             ... on level 6 of the Dungeon.
             The game lasted 00:34:46 (12622 turns).

Fiveotanaka the Basher (Ogre Hunter)               Turns: 12622, Time: 00:34:46

Health: 0/88       AC:  5    Str: 19    XL:     10   Next: 4%
Magic:  10/10      EV: 12    Int: 10    God:    Ru [......]
Gold:   332        SH:  0    Dex: 13    Spells: 0 memorised, 9 levels left

rFire  . . .     SeeInvis .     D - +0 flail
rCold  . . .     Clarity  .     d - +0 animal skin
rNeg   . . .     SustAb   .     (shield restricted)
rPois  .         Gourm    .     (helmet restricted)
rElec  .         Spirit   .     v - +1 cloak
rCorr  .         Warding  .     (gloves unavailable)
rMut   .         Stasis   .     (boots unavailable)
MR     +....                    (no amulet)
Stlth  +.........               (no ring)
                                (no ring)

@: lethally poisoned (0 -> -2), very slightly contaminated, somewhat resistant
to hostile enchantments, very unstealthy
A: unfitting armour, tough skin 1
a: Renounce Religion


You were on level 6 of the Dungeon.
You worshipped Ru.
Ru was noncommittal.
You were not hungry.

You visited 2 branches of the dungeon, and saw 8 of its levels.

You collected 332 gold pieces.

Inventory:

Hand weapons
 a - a +0 short sword
 e - a +0 whip
 q - a +0 mace
 D - a +0 flail (weapon)
Missiles
 b - a large rock (quivered)
 c - 3 throwing nets
 g - 137 stones
 j - 2 javelins
 G - 2 tomahawks
Armour
 d - a +0 animal skin (worn)
 v - a +1 cloak (worn)
Magical devices
 w - a wand of paralysis (12)
Scrolls
 i - 8 scrolls of remove curse
 l - 3 scrolls of teleportation
 m - a scroll of enchant weapon {unknown}
 n - 5 scrolls of identify
 o - 5 scrolls of enchant armour
 r - 2 scrolls of magic mapping
 x - a scroll of noise {unknown}
 y - a scroll of blinking
 A - 2 scrolls of fog {unknown}
Potions
 h - a potion of flight {unknown}
 k - a potion of cure mutation {unknown}
 p - a potion of brilliance
 u - a potion of lignification {unknown}
 z - a potion of degeneration
 C - a potion of restore abilities {unknown}
 H - a potion of poison {unknown}
 I - a potion of ambrosia {unknown}
Comestibles
 f - 4 meat rations
 s - 3 bread rations
 t - 3 slices of pizza
 B - 3 fruits
 E - a chunk of flesh


   Skills:
 - Level 2.6 Fighting
 * Level 13.3 Maces & Flails
 + Level 9.2 Throwing
 + Level 4.8 Dodging
 - Level 0.7 Stealth


You had 9 spell levels left.
You didn't know any spells.

Dungeon Overview and Level Annotations

Branches:
Dungeon (7/15)             Temple (1/1) D:7

Altars:
Ashenzari
Cheibriados
Dithmenos
Elyvilon
Gozag
Kikubaaqudgha
Makhleb
Nemelex Xobeh
Okawaru
Ru
Sif Muna
Trog
Vehumet
Xom
Yredelemnul
The Shining One


Innate Abilities, Weirdness & Mutations

You are too large for most types of armour.
You have tough skin (AC +1).


Message History

Press: ? - help, Shift-Dir - straight line, f/p - killer bee
Aim: a killer bee (severely wounded)
You throw a large rock.
The large rock barely misses the killer bee.
The large rock closely misses the killer bee.
You feel sick. The killer bee stings you.
* * * LOW HITPOINT WARNING * * *
The killer bee barely misses you. x2
Drink which item? (? for menu, Esc to quit)
Okay, then.
Read which item? (? for menu, Esc to quit)
Blink to where?
Press: ? - help, Dir - move target cursor, p - killer bee You are very lightly contaminated with residual magic.
As you read the scroll labeled STROYS YNAOZXO, it crumbles to dust.
It was a scroll of blinking.
You feel sick.
You closely miss the killer bee.
The killer bee is severely wounded.
The killer bee stings you.
You die...

##.##.#
♣♣♣♣.).♣♣♣
♣.♣♣♣♣)♣
#.....#
♣♣♣.♣.♣♣♣♣.♣
♣.♣ #.....#
♣♣..♣.♣♣.♣♣
♣♣.♣ #...#.#
♣..♣♣...♣♣
♣.♣♣ ##.##.#
♣♣.♣♣♣♣♣♣♣
♣♣.♣ ####.#
♣♣..♣ ♣.♣♣
#.# ♣.♣♣♣
♣♣.♣ #.# ♣.♣
♣.♣♣ #.#
♣♣@♣ ♣♣♣♣♣.♣
#.# ♣y♣♣
♣.♣♣.♣♣ #<#
♣y♣ ♣♣♣...♣♣
### ♣♣.♣
♣♣...♣♣♣
♣♣(♣♣
♣....♣♣ ♣.y♣
♣.....♣ ♣>♣♣
♣....♣♣ ♣♣♣
♣♣..♣.♣
♣♣♣♣♣♣


You could see 3 killer bees.

Vanquished Creatures
  Eustachio (D:5)
  6 phantoms
  A black bear (D:6)
  3 sky beasts (D:6)
  2 ogres (D:6)
  2 ice beasts (D:5)
  3 centaurs
  3 giant frogs
  2 scorpions
  7 jellies (D:6)
  A killer bee (D:7)
  2 crimson imps
  A wasp zombie (D:7)
  2 goliath beetles (D:6)
  2 orc priests (D:6)
  A giant frog zombie (D:6)
  2 hounds (D:4)
  4 iguanas
  3 orc wizards
  A giant frog skeleton (D:4)
  5 worker ants
  A killer bee zombie (D:6)
  A hound zombie (D:6)
  2 hound skeletons
  Terence (D:2)
  A worker ant zombie (D:6)
  14 adders
  4 gnolls (D:3)
  2 giant mites
  A shadow imp (D:6)
  6 worms
  An adder zombie (D:5)
  2 adder skeletons
  4 giant geckos
  3 oozes
  26 orcs
  10 bats
  A bat skeleton (D:4)
  A bat zombie (D:6)
  5 giant cockroaches
  15 goblins
  19 hobgoblins
  4 jackals (D:2)
  A ball python (D:1)
  A giant gecko zombie (D:6)
  5 giant newts
  9 kobolds
  A quokka skeleton (D:5)
  11 rats
206 creatures vanquished.

Notes
Turn   | Place    | Note
--------------------------------------------------------------
     0 | D:1      | Fiveotanaka, the Ogre Hunter, began the quest for the Orb.
     0 | D:1      | Reached XP level 1. HP: 22/22 MP: 1/1
     3 | D:1      | Noticed an electric eel
     3 | D:1      | Noticed an electric eel
   105 | D:1      | HP: 1/22 [goblin/club (2)]
   108 | D:1      | Reached skill level 1 in Maces & Flails
   476 | D:1      | Reached XP level 2. HP: 25/29 MP: 2/2
  1368 | D:1      | Reached XP level 3. HP: 16/36 MP: 3/3
  1787 | D:2      | Noticed Terence
  1794 | D:2      | Killed Terence
  1804 | D:2      | Reached XP level 4. HP: 28/44 MP: 4/4
  2732 | D:2      | Reached skill level 5 in Maces & Flails
  3033 | D:3      | Reached XP level 5. HP: 47/50 MP: 5/5
  3127 | D:3      | Reached skill level 5 in Throwing
  4016 | D:3      | Found an opulent altar of Gozag.
  4125 | D:3      | Reached skill level 6 in Maces & Flails
  4434 | D:4      | Reached XP level 6. HP: 55/59 MP: 6/6
  4510 | D:4      | Noticed a phantom
  4516 | D:4      | Noticed a centaur
  4520 | D:4      | Killed a centaur
  4520 | D:4      | Reached skill level 7 in Maces & Flails
  4525 | D:4      | Killed a phantom
  4525 | D:4      | Reached XP level 7. HP: 30/66 MP: 7/7
  4713 | D:4      | Reached skill level 8 in Maces & Flails
  5140 | D:4      | Noticed a phantom
  5152 | D:4      | Killed a phantom
  5337 | D:4      | Found a shattered altar of Ashenzari.
  5570 | D:4      | Reached skill level 9 in Maces & Flails
  5987 | D:5      | Entered Level 5 of the Dungeon
  6008 | D:5      | Reached XP level 8. HP: 65/74 MP: 8/8
  6616 | D:5      | Reached skill level 10 in Maces & Flails
  7138 | D:5      | Noticed Eustachio
  7160 | D:5      | Killed Eustachio
  7827 | D:6      | Found a snail-covered altar of Cheibriados.
  8251 | D:5      | Reached skill level 11 in Maces & Flails
  8499 | D:6      | Reached XP level 9. HP: 34/80 MP: 9/9
  9476 | D:6      | Reached skill level 12 in Maces & Flails
 11490 | D:6      | Reached skill level 13 in Maces & Flails
 11808 | D:7      | Found a white marble altar of Elyvilon.
 11841 | D:7      | Reached XP level 10. HP: 88/88 MP: 10/10
 12358 | D:7      | Found a staircase to the Ecumenical Temple.
 12384 | Temple   | Entered the Ecumenical Temple
 12486 | Temple   | Became a worshipper of Ru the Awakened
 12617 | D:6      | HP: 3/88 [killer bee (5)]
 12622 | D:6      | Slain by a killer bee

Action                   |  1- 3 |  4- 6 |  7- 9 | 10-12 || total
-------------------------+-------+-------+-------+-------++-------
Melee: Whip              |    76 |    51 |       |       ||   127
       Short sword       |     3 |       |       |       ||     3
       Mace              |       |    86 |   111 |       ||   197
       Flail             |       |       |   443 |    29 ||   472
Throw: Stone             |    70 |   131 |   303 |     3 ||   507
       Javelin           |     7 |    15 |    25 |       ||    47
       Large rock        |       |     2 |     9 |     4 ||    15
       Tomahawk          |       |       |       |     2 ||     2
  Use: Scroll            |       |     4 |     3 |     1 ||     8
       Potion            |       |       |     2 |     2 ||     4
 Stab: Distracted        |       |       |     1 |       ||     1
  Eat: Chunk             |     3 |     8 |    21 |     2 ||    34
       Beef jerky        |       |       |     1 |       ||     1
       Fruit             |       |       |     1 |       ||     1
